3AAA
VERMONT LAKE MONSTERS @ BRINKLEY BELUGAS
07/12/2031
 
TOP OF THE 1ST
Vermont Lake Monsters batting - Pitching for Brinkley Belugas : RHP Matt Davenport
Pitching: RHP Matt Davenport
Batting: SHB Robert La Caze 0-0: Ball
1-0: Fly out, F9 (Line Drive, 89D)
Batting: RHB Ramón Degollado 0-0: SINGLE (Groundball, 56D)
Batting: RHB Woodrow Terrebonne 0-0: Fly out, F7 (Flyball, 7S)
Batting: RHB Juan Pedraza 0-0: Ground out 5-3 (Groundball, 56)
Top of the 1st over - 0 runs, 1 hit, 0 errors, 1 left on base; Vermont 0 - Brinkley 0
BOTTOM OF THE 1ST
Brinkley Belugas batting - Pitching for Vermont Lake Monsters : LHP Mike Brandner
Pitching: LHP Mike Brandner
Batting: RHB Martín Alejadre 0-0: Ball
1-0: Called Strike
1-1: Ball
2-1: Ball
3-1: Base on Balls
Batting: RHB Colm Goodwill 0-0: Called Strike
Martín Alejadre steals 2nd base
0-1: Ball
1-1: Called Strike
1-2: Foul Ball, location: 2F
1-2: Ball
2-2: Ball
3-2: SINGLE (Flyball, 8LS)
Martín Alejadre to third
Batting: RHB Noah Bushby 0-0: Ball
1-0: Swinging Strike
1-1: Ball
2-1: Ball
3-1: SINGLE (Flyball, 9S)
Martín Alejadre scores
Colm Goodwill to second
Runner from 2nd tries for 3rd, SAFE, no throw
Batting: RHB Brandon Cole 0-0: Called Strike
0-1: Swinging Strike
0-2: Strikes out swinging
Batting: SHB Eddie Ménard 0-0: Called Strike
0-1: Foul Ball, location: 2F
0-2: Strikes out swinging
Batting: RHB Danilo Mosca 0-0: Called Strike
0-1: Ball
1-1: Swinging Strike
1-2: SINGLE (Line Drive, 5D)
Colm Goodwill scores
Noah Bushby to second
Batting: RHB Jouo Hirschovits 0-0: Swinging Strike
0-1: Foul Ball, location: 2F
0-2: Foul Ball, location: 2F
0-2: Ball
1-2: Ball
2-2: Ball
3-2: Base on Balls
Noah Bushby to third
Danilo Mosca to second
Batting: RHB Rubén Campos 0-0: Ball
1-0: Ball
2-0: Called Strike
2-1: Foul Ball, location: 2F
2-2: Strikes out looking
Bottom of the 1st over - 2 runs, 3 hits, 0 errors, 3 left on base; Vermont 0 - Brinkley 2
TOP OF THE 2ND
Vermont Lake Monsters batting - Pitching for Brinkley Belugas : RHP Matt Davenport
Batting: RHB Kasper Schuilenberg 0-0: Called Strike
0-1: Ball
1-1: Foul Ball, location: 2F
1-2: Ball
2-2: Strikes out swinging
Batting: RHB José Vázquez 0-0: Foul Ball, location: 2F
0-1: Foul Ball, location: 2F
0-2: Foul Ball, location: 2F
0-2: Strikes out swinging
Batting: LHB Manuel Núñez 0-0: Called Strike
0-1: Foul Ball, location: 2F
0-2: Strikes out swinging
Top of the 2nd over - 0 runs, 0 hits, 0 errors, 0 left on base; Vermont 0 - Brinkley 2
BOTTOM OF THE 2ND
Brinkley Belugas batting - Pitching for Vermont Lake Monsters : LHP Mike Brandner
Batting: LHB Natale Langushi 0-0: Ground out 4-3 (Groundball, 4)
Batting: RHB Martín Alejadre 0-0: Ball
1-0: Ball
2-0: SINGLE (Flyball, 8RS)
Batting: RHB Colm Goodwill 0-0: Fly out, F8 (Flyball, 78D)
Batting: RHB Noah Bushby 0-0: Fly out, F8 (Flyball, 78D)
Bottom of the 2nd over - 0 runs, 1 hit, 0 errors, 1 left on base; Vermont 0 - Brinkley 2
TOP OF THE 3RD
Vermont Lake Monsters batting - Pitching for Brinkley Belugas : RHP Matt Davenport
Batting: RHB Barkley B. Cooltimes 0-0: Ball
1-0: Called Strike
1-1: Ball
2-1: Swinging Strike
2-2: Ball
3-2: Foul Ball, location: 2F
3-2: Strikes out swinging
Batting: RHB Cosmo Castanhedo 0-0: Ball
1-0: Called Strike
1-1: Swinging Strike
1-2: Ball
2-2: Fly out, F6 (Popup, 6)
Batting: SHB Robert La Caze 0-0: Ball
1-0: Foul Ball, location: 2F
1-1: Foul Ball, location: 2F
1-2: Fly out, F9 (Flyball, 9)
Top of the 3rd over - 0 runs, 0 hits, 0 errors, 0 left on base; Vermont 0 - Brinkley 2
BOTTOM OF THE 3RD
Brinkley Belugas batting - Pitching for Vermont Lake Monsters : LHP Mike Brandner
Batting: RHB Brandon Cole 0-0: Reached on error, E5 (Groundball, 56S)
Batting: SHB Eddie Ménard 0-0: Ball
1-0: Ball
2-0: Foul Ball, location: 2F
2-1: Called Strike
2-2: Ground out 4-3 (Groundball, 34)
Brandon Cole to second
Batting: RHB Danilo Mosca 0-0: Ball
1-0: Ball
2-0: Ball
3-0: Called Strike
3-1: Base on Balls
Batting: RHB Jouo Hirschovits 0-0: Foul Ball, location: 2F
0-1: Swinging Strike
0-2: Ball
1-2: SINGLE (Groundball, 4) (infield hit)
Brandon Cole to third
Danilo Mosca to second
Batting: RHB Rubén Campos 0-0: Ball
1-0: Ball
2-0: Swinging Strike
2-1: Foul Ball, location: 2F
2-2: SINGLE (Line Drive, 7LS)
Brandon Cole scores
Danilo Mosca to third
Jouo Hirschovits to second
Batting: LHB Natale Langushi 0-0: Ball
1-0: Swinging Strike
1-1: Called Strike
1-2: Strikes out looking
Batting: RHB Martín Alejadre 0-0: Ball
1-0: Called Strike
1-1: Ball
2-1: Foul Ball, location: 2F
2-2: Foul Ball, location: 2F
2-2: Foul Ball, location: 2F
2-2: Strikes out swinging
Bottom of the 3rd over - 1 run, 2 hits, 1 error, 3 left on base; Vermont 0 - Brinkley 3
TOP OF THE 4TH
Vermont Lake Monsters batting - Pitching for Brinkley Belugas : RHP Matt Davenport
Batting: RHB Ramón Degollado 0-0: Ball
1-0: Swinging Strike
1-1: Called Strike
1-2: Strikes out swinging
Batting: RHB Woodrow Terrebonne 0-0: Called Strike
0-1: Fly out, F6 (Line Drive, 6M)
Batting: RHB Juan Pedraza 0-0: Called Strike
0-1: Ground out 6-3 (Groundball, 6M)
Top of the 4th over - 0 runs, 0 hits, 0 errors, 0 left on base; Vermont 0 - Brinkley 3
BOTTOM OF THE 4TH
Brinkley Belugas batting - Pitching for Vermont Lake Monsters : LHP Mike Brandner
Batting: RHB Colm Goodwill 0-0: Called Strike
0-1: Ball
1-1: Ball
2-1: Foul Ball, location: 2F
2-2: Foul Ball, location: 2F
2-2: Strikes out swinging
Batting: RHB Noah Bushby 0-0: Ball
1-0: Foul Ball, location: 2F
1-1: Swinging Strike
1-2: Strikes out swinging
Batting: RHB Brandon Cole 0-0: Called Strike
0-1: Foul Ball, location: 2F
0-2: Strikes out swinging
Bottom of the 4th over - 0 runs, 0 hits, 0 errors, 0 left on base; Vermont 0 - Brinkley 3
TOP OF THE 5TH
Vermont Lake Monsters batting - Pitching for Brinkley Belugas : RHP Matt Davenport
Batting: RHB Kasper Schuilenberg 0-0: Ball
1-0: Foul Ball, location: 2F
1-1: Ball
2-1: Called Strike
2-2: DOUBLE (Line Drive, 89D)
Batting: RHB José Vázquez 0-0: Swinging Strike
0-1: Called Strike
0-2: Ball
1-2: Foul Ball, location: 2F
1-2: Ball
2-2: Strikes out swinging
Batting: LHB Manuel Núñez 0-0: Ground out 4-3 (Groundball, 4)
Kasper Schuilenberg to third
Batting: RHB Barkley B. Cooltimes 0-0: SINGLE (Flyball, 9LS)
Kasper Schuilenberg scores
Batting: RHB Cosmo Castanhedo 0-0: Ball
1-0: Ball
2-0: Called Strike
2-1: Ball
3-1: Called Strike
3-2: Reached on error, E9 (Flyball, 9S)
Barkley B. Cooltimes to third
Batting: SHB Robert La Caze 0-0: Foul Ball, location: 2F
0-1: Ball
1-1: Foul Ball, location: 2F
1-2: Ball
2-2: Fly out, F7 (Flyball, 7S)
Top of the 5th over - 1 run, 2 hits, 1 error, 2 left on base; Vermont 1 - Brinkley 3
BOTTOM OF THE 5TH
Brinkley Belugas batting - Pitching for Vermont Lake Monsters : LHP Mike Brandner
Batting: SHB Eddie Ménard 0-0: Ball
1-0: Called Strike
1-1: Foul Ball, location: 2F
1-2: Ball
2-2: Strikes out swinging
Batting: RHB Danilo Mosca 0-0: Called Strike
0-1: Ball
1-1: Swinging Strike
1-2: Ground out 5-3 (Groundball, 5S)
Batting: RHB Jouo Hirschovits 0-0: Ball
1-0: Called Strike
1-1: Called Strike
1-2: Ball
2-2: Foul Ball, location: 2F
2-2: Ball
3-2: Strikes out swinging
Bottom of the 5th over - 0 runs, 0 hits, 0 errors, 0 left on base; Vermont 1 - Brinkley 3
TOP OF THE 6TH
Vermont Lake Monsters batting - Pitching for Brinkley Belugas : RHP Matt Davenport
Batting: RHB Ramón Degollado 0-0: Ball
1-0: SINGLE (Flyball, 7LS)
Batting: RHB Woodrow Terrebonne 0-0: Ball
1-0: Called Strike
1-1: Grounds into double play, 1-6-3 (Groundball, 13S)
Batting: RHB Juan Pedraza 0-0: Swinging Strike
0-1: Swinging Strike
0-2: Ball
1-2: Ground out 5-3 (Groundball, 56)
Top of the 6th over - 0 runs, 1 hit, 0 errors, 0 left on base; Vermont 1 - Brinkley 3
BOTTOM OF THE 6TH
Brinkley Belugas batting - Pitching for Vermont Lake Monsters : LHP Mike Brandner
Batting: RHB Rubén Campos 0-0: Fly out, F7 (Flyball, 7S)
Batting: LHB Natale Langushi 0-0: Called Strike
0-1: Fly out, F9 (Flyball, 9D)
Batting: RHB Martín Alejadre 0-0: Ball
1-0: Called Strike
1-1: Ball
2-1: SINGLE (Flyball, 89S)
Pitching: RHP Jefferson Suhendro
Batting: RHB Colm Goodwill 0-0: Called Strike
0-1: Ball
1-1: Ball
2-1: Ground out 5-3 (Groundball, 5S)
Bottom of the 6th over - 0 runs, 1 hit, 0 errors, 1 left on base; Vermont 1 - Brinkley 3
TOP OF THE 7TH
Vermont Lake Monsters batting - Pitching for Brinkley Belugas : RHP Matt Davenport
Now at 1B: Jorge Durán
Batting: RHB Kasper Schuilenberg 0-0: Ball
1-0: Ball
2-0: Called Strike
2-1: Foul Ball, location: 2F
2-2: Foul Ball, location: 2F
2-2: Fly out, F9 (Flyball, 89S)
Batting: RHB José Vázquez 0-0: Called Strike
0-1: Ball
1-1: Fly out, F3 (Popup, 3S)
Batting: LHB Manuel Núñez 0-0: Called Strike
0-1: Called Strike
0-2: Fly out, F8 (Flyball, 8RM)
Top of the 7th over - 0 runs, 0 hits, 0 errors, 0 left on base; Vermont 1 - Brinkley 3
BOTTOM OF THE 7TH
Brinkley Belugas batting - Pitching for Vermont Lake Monsters : RHP Jefferson Suhendro
Batting: RHB Noah Bushby 0-0: Called Strike
0-1: Called Strike
0-2: Foul Ball, location: 2F
0-2: Ball
1-2: Foul Ball, location: 2F
1-2: Ball
2-2: Ball
3-2: Base on Balls
Batting: RHB Brandon Cole 0-0: Ball
1-0: Swinging Strike
1-1: Ball
2-1: Ground out 5-3 (Groundball, 56S)
Noah Bushby to second
Batting: SHB Eddie Ménard 0-0: Swinging Strike
0-1: Ball
1-1: Ball
2-1: Ball
3-1: Foul Ball, location: 2F
3-2: Ground out 4-3 (Groundball, 4)
Noah Bushby to third
Batting: RHB Danilo Mosca 0-0: Ball
1-0: Ground out 6-3 (Groundball, 6)
Bottom of the 7th over - 0 runs, 0 hits, 0 errors, 1 left on base; Vermont 1 - Brinkley 3
TOP OF THE 8TH
Vermont Lake Monsters batting - Pitching for Brinkley Belugas : RHP Matt Davenport
Now in CF: Ángel Rivera
Batting: RHB Barkley B. Cooltimes 0-0: Ball
1-0: Swinging Strike
1-1: Ground out 5-3 (Groundball, 56S)
Batting: RHB Cosmo Castanhedo 0-0: Ball
1-0: Ball
2-0: Swinging Strike
2-1: Ground out U3 (Groundball, 3)
Batting: SHB Robert La Caze 0-0: Ground out 5-3 (Groundball, 5)
Top of the 8th over - 0 runs, 0 hits, 0 errors, 0 left on base; Vermont 1 - Brinkley 3
BOTTOM OF THE 8TH
Brinkley Belugas batting - Pitching for Vermont Lake Monsters : RHP Jefferson Suhendro
Batting: RHB Ángel Rivera 0-0: Ball
1-0: Ball
2-0: Called Strike
2-1: Ball
3-1: Fly out, F4 (Popup, 23)
Batting: RHB Rubén Campos 0-0: SINGLE (Flyball, 9LS)
Batting: LHB Natale Langushi 0-0: Ball
1-0: Called Strike
1-1: DOUBLE (Flyball, 89D)
Rubén Campos to third
Batting: RHB Jorge Durán 0-0: Ball
1-0: Ground out 6-3 (Groundball, 56)
Batting: RHB Colm Goodwill 0-0: Ground out 5-3 (Groundball, 56S)
Bottom of the 8th over - 0 runs, 2 hits, 0 errors, 2 left on base; Vermont 1 - Brinkley 3
TOP OF THE 9TH
Vermont Lake Monsters batting - Pitching for Brinkley Belugas : RHP Matt Davenport
Pitching: RHP Jean-François Chapon
Batting: RHB Ramón Degollado 0-0: Swinging Strike
0-1: Swinging Strike
0-2: Ball
1-2: SINGLE (Line Drive, 9LS)
Pinch Hitting: LHB Gilberto Jiménez 0-0: Called Strike
0-1: Ball
1-1: Foul Ball, location: 2F
1-2: Ball
2-2: Strikes out swinging
Batting: RHB Juan Pedraza 0-0: Ball
1-0: Fly out, F9 (Flyball, 89D)
Batting: RHB Kasper Schuilenberg 0-0: Ball
1-0: Ball
2-0: Called Strike
2-1: DOUBLE (Groundball, 5L)
Ramón Degollado to third
Batting: RHB José Vázquez 0-0: Called Strike
0-1: Ground out 6-3 (Groundball, 56)
Top of the 9th over - 0 runs, 2 hits, 0 errors, 2 left on base; Vermont 1 - Brinkley 3
Tuesday, June 12th, 2018 - OOTP Baseball 18.8 Build 76